 Dungeon Crawl Stone Soup version 0.28.0 (webtiles) character file.

Game seed: 3761426081862540294

44 GordonOverkill the Skirmisher (level 3, -2/33 HPs)
             Began as a Draconian Cinder Acolyte on Feb 18, 2022.
             Was a High Priest of Ignis.
             Killed from afar by Natasha (8 damage)
             ... with a magic dart
             ... on level 2 of the Dungeon.
             The game lasted 00:03:07 (2326 turns).

GordonOverkill the Skirmisher (DrCA)                Turns: 2326, Time: 00:03:08

Health: -2/33      AC:  5    Str: 24    XL:     3   Next: 39%
Magic:  0/5        EV: 11    Int: 14    God:    Ignis [*****.]
Gold:   38         SH:  0    Dex:  6    Spells: 3/5 levels left

rFire   + . .      SeeInvis .   a - -1 hand axe (flame)
rCold   + . .      Faith    .   (no shield)
rNeg    . . .      Spirit   .   (armour unavailable)
rPois   .          Reflect  .   (helmet restricted)
rElec   .          Harm     .   (no cloak)
rCorr   .          Rampage  .   (no gloves)
Will    .....                   (no boots)
Stlth   +.........              (no amulet)
HPRegen 0.11/turn               b - ring of protection from cold
MPRegen 0.09/turn               f - +6 ring of strength

@: no status effects
A: AC +5, unfitting armour, cold-blooded
a: Renounce Religion, Fiery Armour, Foxfire Swarm, Rising Flame


You were on level 2 of the Dungeon.
You worshipped Ignis.
Ignis was extremely pleased with you.
You visited 1 branch of the dungeon, and saw 2 of its levels.

You collected 38 gold pieces.

Inventory:

Hand Weapons
 a - a -1 hand axe of flaming (weapon)
Jewellery
 b - a ring of protection from cold (left hand)
 f - a +6 ring of strength (right hand)
Wands
 i - a wand of polymorph (6)
Scrolls
 c - a scroll of brand weapon {unknown}
 d - a scroll of acquirement {unknown}
 e - 2 scrolls of identify {unknown}
Potions
 g - a potion of heal wounds {unknown}
 h - a potion of mutation {unknown}
 j - a potion of haste {unknown}


   Skills:
 + Level 3.8 Fighting
 + Level 3.4 Axes
 + Level 1.6 Spellcasting
 + Level 3.3 Fire Magic


You had 3 spell levels left.
You knew the following spells:

 Your Spells              Type           Power      Damage    Failure   Level
a - Scorch                Fire           20%        2d6       10%         2

Your spell library contained the following spells:

 Spells                   Type           Power      Damage    Failure   Level


Dungeon Overview and Level Annotations

Branches:
Dungeon (2/15)

Altars:

Annotations:
D:2 Natasha


Innate Abilities, Weirdness & Mutations

Your plain brown scales are hard. (AC +5)
You cannot fit into any form of body armour.
You are cold-blooded and may be slowed by cold attacks.


Message History

You hit the white imp. You burn the white imp.
The white imp is almost dead.
Natasha wildly gestures.
You feel troubled.
The white imp hits you but does no damage.
You closely miss the white imp.
The white imp is almost dead.
The white imp is no longer more vulnerable to fire.
The white imp hits you but does no damage.
You hit the white imp. You burn the white imp.
You kill the white imp!
The white imp disappears in a puff of smoke!
Natasha casts a spell.
You barely miss Natasha. Natasha claws you.
You closely miss Natasha.
Natasha mumbles some strange words.
Your magical contamination has completely faded away.
You barely miss Natasha. You hit the iron imp but do no damage.
Natasha claws you!
* * * LOW HITPOINT WARNING * * *
You barely miss Natasha. You hit the iron imp but do no damage.
Natasha barely misses you. The iron imp closely misses you.
You hit Natasha. You burn Natasha.
Natasha is heavily wounded.
You hit the iron imp. Natasha claws you but does no damage.
The iron imp hits you.
* * * LOW HITPOINT WARNING * * *
You hit Natasha. You burn Natasha.
Your tail-slap misses Natasha.
Natasha is severely wounded.
You hit the iron imp but do no damage. Natasha closely misses you.
The iron imp hits you!
* * * LOW HITPOINT WARNING * * *
Natasha closely misses you.
Casting: Scorch (safe; 10% risk of failure)
Confirm with . or Enter, or press ? or * to list all spells.
Flames lash the crimson imp.
The crimson imp completely resists.
The crimson imp blinks!
The iron imp barely misses you.
Natasha stares at you and mumbles some strange words.
The magic dart hits you!
You die...

#.#
#.#
#.#
#.#
#.#
#.#
#.#
#5#
#@#
#h#
###
#ยง#
..#
#.#
..#
#.#
..#
#.#
..#
#5#
..#
#.#
..#


You could see an iron imp (summoned), Natasha and a crimson imp (summoned).

Vanquished Creatures
  A dart slug (D:2)
  A ball python (D:1)
  4 endoplasms
  A giant cockroach (D:2)
  4 goblins (D:1)
  5 hobgoblins (D:1)
  2 jackals (D:1)
  5 kobolds
  A quokka (D:2)
  6 bats
  3 frilled lizards
  3 rats
36 creatures vanquished.

Notes
Turn   | Place    | Note
-------+----------+-------------------------------------------
     0 | D:1      | GordonOverkill the Draconian Cinder Acolyte began the quest
                  | for the Orb.
     0 | D:1      | Reached XP level 1. HP: 19/19 MP: 2/2
   176 | D:1      | Reached XP level 2. HP: 26/26 MP: 3/3
   925 | D:1      | Found a faded altar of an unknown god.
  1234 | D:1      | Reached XP level 3. HP: 26/33 MP: 5/5
  1658 | D:1      | Learned a level 2 spell: Scorch
  2311 | D:2      | Noticed Natasha
  2326 | D:2      | Killed from afar by Natasha

Illustrated notes

Levels and vault maps discovered:
D:1:      shiori_arrival_oz, layout_basic, ebering_ecumenical_altar_sacrificial,
          chequers_jeans
D:2:      layout_rooms, uniq_natasha

Action                   || total
-------------------------++-------
Melee: Hand axe          ||   104
       Tailslap          ||     6
 Cast: Scorch            ||    11
Armor: Skin              ||    55
Dodge: Dodged            ||    92
